Map: Abyssal Reef LE

Players

Salvite

  • Race: Protoss Protoss
  • League: Silver
  • Spawn Location: 5:00

Nish - Winner!

  • Race: Terran Terran
  • League: Gold
  • Spawn Location: 11:00

VOD

Have the link to the VOD?

Description

Time

  • Played on: June 4, 2017, 4:04 a.m.
  • Length: 13:24
Show
View Real Time Build Order
Export as new Build Order

Salvite Protoss 

Build Orders:  

Get SALT Encoding   

  12  0:03  Probe (Chrono Boost)  
  14  0:14  Probe (Chrono Boost)  
  14  0:19  Pylon  
  14  0:25  Probe (Chrono Boost)  
  15  0:37  Probe (Chrono Boost)  
  16  0:46  Gateway  
  16  0:47  Probe (Chrono Boost)  
  17  0:55  Assimilator  
  17  0:58  Probe (Chrono Boost)  
  18  1:06  Pylon  
  18  1:08  Probe (Chrono Boost)  
  18  1:09  Assimilator  
  19  1:19  Probe (Chrono Boost)  
  20  1:30  Probe (Chrono Boost)  
  20  1:31  Pylon  
  21  1:42  Cybernetics Core  
  21  1:44  Probe (Chrono Boost)  
  22  1:54  Probe (Chrono Boost)  
  23  2:05  Probe (Chrono Boost)  
  24  2:08  Gateway  
  25  2:15  Probe (Chrono Boost)  
  25  2:22  Robotics Facility, Warp Gate  
  25  2:26  Adept  
  27  2:31  Mothership Core (Chrono Boost)  
  29  2:50  Probe (Chrono Boost)  
  30  3:04  Nexus  
  30  3:11  Probe (Chrono Boost)  
  31  3:13  Adept  
  33  3:23  Immortal  
  37  3:31  Pylon  
  37  3:41  Adept  
  37  4:32  Pylon  
  37  4:37  Pylon  
  37  4:47  Nexus  
  37  4:50  Pylon  
  37  4:51  Pylon  
  37  5:00  Assimilator  
  37  5:09  Robotics Bay  
  37  5:16  Assimilator  
  37  5:17  Warp Prism  
  39  5:48  Probe (Chrono Boost)  
  40  5:59  Probe (Chrono Boost)  
  40  6:02  Extended Thermal Lance  
  41  6:06  Adept x2  
  45  6:12  Colossus  
  51  6:22  Probe (Chrono Boost)  
  51  6:23  Probe (Chrono Boost)  
  53  6:32  Probe (Chrono Boost)  
  54  6:35  Probe (Chrono Boost)  
  54  6:36  Probe (Chrono Boost)  
  56  7:02  Gateway x2  
  56  7:06  Colossus  
  62  7:12  Gateway  
  62  7:22  Gateway  
  62  7:27  Probe x2 (Chrono Boost)  
  62  7:28  Probe (Chrono Boost)  
  65  7:35  Pylon  
  65  7:38  Probe (Chrono Boost)  
  65  7:41  Probe (Chrono Boost)  
  67  7:46  Pylon  
  67  7:57  Stalker x2  
  71  7:59  Colossus  
  77  8:18  Probe (Chrono Boost)  
  77  8:19  Probe x2 (Chrono Boost)  
  80  8:31  Forge  
  80  8:34  Stalker  
  82  8:53  Colossus  
  88  9:07  Stalker x4  
  82  9:53  Probe x2 (Chrono Boost)  
  82  9:54  Probe (Chrono Boost)  
  57  10:10  Stalker x4  
  57  10:12  Probe x2 (Chrono Boost)  
  57  10:13  Probe (Chrono Boost)  
  68  10:16  Colossus  
  74  10:22  Probe (Chrono Boost)  
  74  10:23  Probe (Chrono Boost)  
  74  10:25  Probe (Chrono Boost)  
  77  10:51  Gateway  
  77  10:52  Protoss Shields Level 1  
  77  10:59  Stalker  
  77  11:00  Stalker x3  
  77  11:01  Stalker  
  81  11:10  Colossus  
  81  11:11  Stalker  
  89  11:20  Probe x2 (Chrono Boost)  
  89  11:22  Probe (Chrono Boost)  
  68  11:43  Stalker x2  
  68  11:44  Stalker x4  
  70  11:58  Probe x2 (Chrono Boost)  
  70  11:59  Probe (Chrono Boost)  
  75  12:09  Mothership Core (Chrono Boost)  
  75  12:15  Probe (Chrono Boost)  
  77  12:16  Probe (Chrono Boost)  
  77  12:19  Observer  
  78  12:28  Probe (Chrono Boost)  
  79  12:32  Stalker x4  
  87  12:38  Stalker  
  87  12:41  Probe (Chrono Boost)  
  96  12:57  Stalker x2  
  96  12:58  Stalker  
  96  13:19  Stalker x3  
Show
View Real Time Build Order
Export as new Build Order

Nish Terran - Winner!

Build Orders: MMM Bio 

Get SALT Encoding   

  12  0:01  SCV  
  13  0:13  SCV  
  14  0:18  Supply Depot  
  14  0:25  SCV  
  15  0:39  SCV  
  15  0:42  Barracks  
  16  0:48  Refinery  
  16  0:51  SCV  
  17  1:03  SCV  
  18  1:15  SCV  
  19  1:31  Barracks  
  19  1:33  Barracks  
  20  1:42  Barracks Tech Lab  
  19  1:53  Barracks Tech Lab  
  19  1:57  Orbital Command  
  19  2:13  Reaper  
  20  2:19  Reaper  
  21  2:28  Reaper  
  22  2:33  Supply Depot  
  22  2:35  SCV  
  23  2:49  Command Center  
  23  2:55  Reaper, SCV  
  25  3:07  SCV  
  26  3:19  SCV  
  27  3:20  Barracks Reactor  
  27  3:32  SCV  
  27  3:33  Refinery  
  28  3:40  Marine x2  
  30  3:58  Marine  
  29  4:04  SCV x2  
  29  4:05  Marine  
  29  4:06  Marine  
  29  4:09  Marauder  
  34  4:16  SCV x2  
  36  4:30  Marauder  
  38  4:33  Factory  
  38  4:34  SCV x2  
  38  4:36  Marine x2  
  38  4:37  Marine  
  43  4:45  Barracks  
  43  4:46  SCV  
  43  4:52  Barracks  
  44  4:53  Orbital Command  
  44  4:58  SCV  
  45  5:05  Supply Depot  
  45  5:10  SCV  
  46  5:19  Stimpack  
  46  5:24  Starport  
  46  5:25  Factory Reactor  
  46  5:27  Supply Depot, SCV  
  48  5:28  SCV  
  48  5:39  SCV  
  48  5:40  SCV  
  48  5:42  Marine x2  
  52  5:44  Marauder  
  52  5:48  Barracks Tech Lab  
  54  5:50  Barracks Reactor  
  54  5:51  Barracks Tech Lab  
  54  5:57  SCV  
  54  5:58  SCV  
  56  6:05  Marauder  
  56  6:10  SCV  
  59  6:17  Supply Depot  
  59  6:19  Marine x2  
  59  6:24  SCV  
  62  6:38  Medivac, SCV x2  
  62  6:39  Marauder x2  
  70  6:40  Supply Depot  
  70  7:00  Refinery x2  
  70  7:01  Marine x4  
  70  7:02  Supply Depot, Marauder x2  
  70  7:06  Factory Tech Lab  
  78  7:10  Engineering Bay  
  78  7:24  Supply Depot, Medivac, SCV x2  
  78  7:25  Medivac  
  84  7:36  SCV  
  85  7:42  SCV  
  86  7:46  Marine x5  
  86  7:47  Supply Depot  
  86  7:48  Marauder, SCV  
  94  8:06  Command Center  
  94  8:09  Marauder x2, Siege Tank  
  94  8:11  Combat Shields  
  101  8:23  SCV  
  101  8:27  Supply Depot  
  102  8:31  Missile Turret  
  102  8:46  SCV  
  102  8:48  Medivac, SCV  
  105  8:52  Supply Depot  
  105  8:53  Missile Turret  
  105  8:57  Marine x2  
  105  9:00  SCV  
  104  9:06  Viking  
  106  9:14  Missile Turret  
  106  9:18  Viking  
  106  9:20  Marine x3  
  106  9:21  Marine  
  106  9:22  Marauder x3  
  118  9:25  SCV x2  
  110  9:36  Viking  
  102  9:43  Marauder  
  102  9:44  Marauder  
  106  9:48  Viking  
  98  10:13  Marine  
  98  10:14  Marine x4  
  101  10:15  Marauder x2  
  101  10:16  Siege Tank  
  101  10:19  Viking x2  
  114  10:32  Marauder  
  116  10:36  Marauder  
  118  10:48  Siege Tank, SCV x2  
  118  10:49  Medivac x2  
  127  11:00  SCV x2  
  129  11:21  Siege Tank  
  129  11:22  Supply Depot  
  129  11:24  Terran Infantry Weapons Level 1  
  122  11:33  Engineering Bay  
  121  11:44  Supply Depot  
  121  11:52  Missile Turret  
  121  11:56  SCV  
  121  11:57  SCV  
  121  11:58  Marine x6  
  121  12:00  Marauder  
  131  12:02  Siege Tank  
  131  12:06  Supply Depot  
  134  12:08  SCV  
  134  12:09  SCV  
  134  12:13  Missile Turret  
  134  12:14  SCV  
  137  12:17  Marauder x2  
  137  12:19  Refinery  
  137  12:21  SCV  
  137  12:22  SCV  
  143  12:26  SCV  
  143  12:27  Marine x2  
  143  12:28  Marine x3  
  149  12:33  Missile Turret, SCV  
  149  12:34  Missile Turret, Siege Tank, SCV  
  149  12:35  Missile Turret  
  154  12:37  Missile Turret  
  154  12:38  Marauder, SCV  
  154  12:43  Refinery  
  157  12:54  Supply Depot  
  157  12:57  Missile Turret  
  157  13:11  SCV x2  
  157  13:12  SCV  
  156  13:17  Supply Depot  
Tags
 
Composition
MMM Bio
Matchup
PvT
Spawn Locations
Cross Positions
Add a new tag
Caveats
  • Supply blocks, unpowered buildings, or Contaminate may cause inaccurate times.
  • Supply counts are checked every 10 seconds.